 Dungeon Crawl Stone Soup version 0.28-a0-172-g787e458d71 (webtiles) character file.

Game seed: 4195785997231528276

27 spiderkeys the Caller (level 3, 0/19 HPs)
             Began as a Tengu Summoner on Aug 16, 2021.
             Slain by Jessica (2 damage)
             ... on level 2 of the Dungeon.
             The game lasted 00:03:18 (1606 turns).

spiderkeys the Caller (Tengu Summoner)              Turns: 1606, Time: 00:03:18

Health: 0/19       AC:  3    Str:  8    XL:     3   Next: 10%
Magic:  5/7        EV: 12    Int: 16    God:
Gold:   22         SH:  0    Dex: 14    Spells: 4/7 levels left

rFire   . . .      SeeInvis .   b - +0 mace (holy)
rCold   . . .      Faith    .   (no shield)
rNeg    . . .      Spirit   .   a - +0 robe
rPois   .          Reflect  .   (helmet restricted)
rElec   .          Harm     .   (no cloak)
rCorr   .          Rampage  .   c - +0 pair of gloves
Will    .....                   (boots unavailable)
Stlth   ++........              (no amulet)
HPRegen 0.06/turn               (no ring)
MPRegen 0.10/turn               (no ring)

@: no status effects
A: beak, talons 3
a: no special abilities


You were on level 2 of the Dungeon.
You visited 1 branch of the dungeon, and saw 2 of its levels.

You collected 22 gold pieces.


Innate Abilities, Weirdness & Mutations

You have a beak for a mouth.
You have claws for feet.


   Skills:
 + Level 2.8 Dodging
 - Level 2.0 Stealth
 + Level 2.5 Spellcasting
 + Level 5.2 Summonings


You had 4 spell levels left.
You knew the following spells:

 Your Spells              Type           Power      Damage    Failure   Level
c - Call Imp              Summ           18%        N/A       3%          2
z - Summon Small Mammal   Summ           72%        N/A       2%          1

Your spell library contained the following spells:

 Spells                   Type           Power      Damage    Failure   Level
 Call Canine Familiar     Summ           18%        N/A       7%          3
 Summon Guardian Golem    Hex/Summ       10%        N/A       21%         3
 Corpse Rot               Necr/Air       N/A        N/A       30%         2
 Ensorcelled Hibernation  Hex/Ice        4%         N/A       30%         2
 Spider Form              Tmut/Pois      1%         N/A       52%         3
 Summon Lightning Spire   Summ/Air       10%        N/A       56%         4
 Dispel Undead            Necr           2%         3d7       89%         4
 Shadow Creatures         Summ           N/A        N/A       98%         6
 Death Channel            Necr           1%         N/A       100%        6
 Storm Form               Tmut/Air       1%         N/A       100%        7
 Maxwell's Capacitive Co  Air            1%         โˆž       100%        8

Inventory:

Hand Weapons
 b - a +0 mace of holy wrath (weapon)
   (You found it on level 1 of the Dungeon)
Missiles
 e - 14 stones
 g - 13 sling bullets
Armour
 a - a +0 robe (worn)
 c - a +0 pair of gloves (worn)
   (You found it on level 1 of the Dungeon)
Scrolls
 d - a scroll of identify {unknown}
 f - a scroll of magic mapping {unknown}
Potions
 i - a potion of flight {unknown}

Dungeon Overview and Level Annotations

Branches:
Dungeon (2/15)

Altars:

Annotations:
D:2 Jessica

.. #......... #.
#.........# #.
#.........# #.#
#.........# ..
#.........#
######.###.........#
.......#...........#
......5ยง.#.........#
......#@5#.........#
.....
#@.###..##########
....
+..###....ยง...)...
...
##..##............ ..
##.##............ .
###..#............ .
+.................
.####.#............
...#..............


You could see Jessica (fast, ally target) and 2 friendly crimson imps.


Message History

You lost 1 mp, and now have 5/7 mp.
Your quokka misses the goblin. The goblin barely misses you.
You see here a book of Decay.
You hit the goblin. You claw the goblin.
You kill the goblin!
You pick up a book of Decay and begin reading...
You add the spells Corpse Rot, Dispel Undead and Death Channel to your library. ๐Ÿ˜Ž MP[+2]
Your mp is fully restored (7).
Memorise Call Imp, consuming 2 spell levels and leaving 4?
You start memorising the spell.
You continue memorising. x2
You finish memorising.
Spell assigned to 'c'.
You swap places.
Your quokka disappears in a puff of smoke!
Jessica the Apprentice Sorceress comes into view.
She is wielding a +0 club.
Casting: Summon Small Mammal (safe; 2% risk of failure)
Confirm with . or Enter, or press ? or * to list all spells.
You don't know that spell.
Casting: Summon Small Mammal (safe; 2% risk of failure)
Confirm with . or Enter, or press ? or * to list all spells.
Okay, then.
Casting: Summon Small Mammal (safe; 2% risk of failure)
Confirm with . or Enter, or press ? or * to list all spells.
A beastly little devil appears in a puff of flame. ๐Ÿ˜Ž MP[-2]
You lost 2 mp, and now have 5/7 mp.
Casting: Call Imp (safe; 3% risk of failure)
Confirm with . or Enter, or press ? or * to list all spells.
A beastly little devil appears in a puff of flame.
Jessica shouts!
Your quokka disappears in a puff of smoke! ๐Ÿ˜Ž MP[-2]
You lost 2 mp, and now have 3/7 mp.
What are your orders? t - Shout!
Orders for allies: a - Attack new target. r - Retreat! s - Stop attacking. g - Guard the area. f - Follow me.
Anything else - Cancel.
Gang up on whom?
Press: ? - help, Dir - move target, f - Jessica
Aim: Jessica, wielding a +0 club and wearing a +0 robe (ally target) Attack!
Jessica casts a spell.
Jessica blinks!
Jessica is nearby!
Jessica mumbles some strange words.
Jessica seems to speed up.
Your crimson imp completely misses Jessica.
Jessica hits your crimson imp with a +0 club.
Jessica closely misses your crimson imp.
Your crimson imp barely misses Jessica. ๐Ÿ˜Ž MP[+1]
Your crimson imp blinks!
Jessica points at you and mumbles some strange words.
Your crimson imp seems to slow down.
Your crimson imp barely misses Jessica.
Jessica hits your crimson imp with a +0 club!
Jessica barely misses your crimson imp. Jessica barely misses your crimson imp.
Your crimson imp hits Jessica.
Jessica barely misses your crimson imp.
Your crimson imp hits Jessica but does no damage.
Jessica closely misses your crimson imp.
Your crimson imp is no longer moving slowly.
Jessica barely misses your crimson imp.
Jessica hits your crimson imp with a +0 club.
Your crimson imp barely misses Jessica.
Jessica closely misses your crimson imp.
Your crimson imp barely misses Jessica.
Jessica closely misses your crimson imp.
Jessica mumbles some strange words.
Jessica blinks!
Your crimson imp blinks!
Jessica is nearby! ๐Ÿ˜Ž MP[+1]
Your crimson imp blinks!
Jessica shouts, "You're disturbing me!
I'll have to kill you!" Jessica closely misses you.
You closely miss Jessica. You peck Jessica, but do no damage.
Jessica casts a spell.
Jessica blinks!
No target in view!
No target in view!
Your crimson imp barely misses Jessica.
Jessica barely misses your crimson imp.
Jessica is nearby!
You swap places.
Jessica casts a spell.
Jessica blinks!
You swap places.
Your crimson imp blinks!
Jessica hits you with a +0 club. ๐Ÿ˜• HP[-3]
You take 3 damage, and now have 16/19 hp.
You barely miss Jessica. You peck Jessica.
Jessica points at you and mumbles some strange words.
Pain shoots through your body!
Ouch! That really hurt!
* * * LOW HITPOINT WARNING * * *
Jessica hits you with a +0 club.
You die...

Skill      XL: |  1 |
---------------+----+-----
Summonings     | 5 |  5.2
Dodging        | |  2.8
Stealth        | |  2.0
Spellcasting   | |  2.5

Action                   || total
-------------------------++-------
Melee: Mace              ||    46
       Kick              ||    10
       Peck              ||     5
 Cast: Summon Small Mamm ||    23
       Call Imp          ||     2
  Use: Scroll            ||     3
 Stab: Sleeping          ||     1
Armor: Robe              ||     7
Dodge: Dodged            ||    34

Levels and vault maps discovered:
D:1:      scummos_arrival_hexagon, layout_basic
D:2:      layout_basic, uniq_jessica

Notes
Turn   | Place    | Note
-------+----------+-------------------------------------------
     0 | D:1      | spiderkeys the Tengu Summoner began the quest for the Orb.
     0 | D:1      | Reached XP level 1. HP: 10/10 MP: 4/4
     0 | D:1      | magus.rc [v1.9.10]
    37 | D:1      | You pick up a book of Dreams and begin reading...
    37 | D:1      | You add the spells Ensorcelled Hibernation, Spider Form and
                  | Shadow Creatures to your library.
   388 | D:1      | Reached skill level 5 in Summonings
   388 | D:1      | Reached XP level 2. HP: 7/15 MP: 1/6
   390 | D:1      | HP: 3/15 [dart slug/slug dart (4)]
   391 | D:1      | HP: 1/15 [dart slug (2)]
   682 | D:1      | You pick up a book of the Sky and begin reading...
   682 | D:1      | You add the spells Storm Form and Maxwell's Capacitive
                  | Coupling to your library.
  1451 | D:2      | Reached XP level 3. HP: 19/19 MP: 5/7
  1566 | D:2      | You pick up a book of Decay and begin reading...
  1566 | D:2      | You add the spells Corpse Rot, Dispel Undead and Death
                  | Channel to your library.
  1570 | D:2      | Learned a level 2 spell: Call Imp
  1578 | D:2      | Noticed Jessica
  1606 | D:2      | HP: 2/19 [Jessica/nerve-wracking pain (14)]
  1606 | D:2      | Slain by Jessica

Vanquished Creatures
  A dart slug (D:1)
  An endoplasm (D:2)
  2 giant cockroaches (D:1)
  A goblin (D:2)
  2 hobgoblins (D:1)
  3 kobolds
  2 quokkas
  A bat (D:1)
  2 frilled lizards (D:1)
  4 rats
19 creatures vanquished.

Vanquished Creatures (collateral kills)
  A giant cockroach (D:1)
  2 hobgoblins (D:1)
  A kobold (D:1)
  A quokka (D:1)
  A ball python (D:1)
6 creatures vanquished.

Grand Total: 25 creatures vanquished

Table legend:
 A = Non-vault XP
 B = Vault XP
 C = Vault XP percentage of total XP
 D = Non-vault monster count
 E = Vault monster count
 F = Vault count percentage of total count
                 A         B        C        D         E       F
            +---------+---------+-------+---------+---------+-------
      Total |      39 |       0 |   0.0 |      25 |       0 |   0.0
            +---------+---------+-------+---------+---------+-------
        D:1 |      30 |       0 |   0.0 |      20 |       0 |   0.0
        D:2 |       9 |       0 |   0.0 |       5 |       0 |   0.0
            +---------+---------+-------+---------+---------+-------

Illustrated notes

Table legend:
 A = Kills in this place as a percentage of kills in entire the game.
 B = Kills by you in this place as a percentage of kills by you in the entire game.
 C = Kills by friends in this place as a percentage of kills by friends in the entire game.
 D = Other kills in this place as a percentage of other kills in the entire game.
 E = Experience gained in this place as a percentage of experience gained in the entire game.
 F = Experience gained in this place divided by the number of levels of this place that you have seen.
                   A       B       C       D       E      F
               +-------+-------+-------+-------+-------+----------------------
         Total | 100.0 | 100.0 | 100.0 |   N/A | 100.0 |  19.5
       Dungeon | 100.0 | 100.0 | 100.0 |   N/A | 100.0 |  19.5
               +-------+-------+-------+-------+-------+----------------------

Table legend: (Time is in decaauts)
 A = Elapsed time spent in this place.
 B = Non-inter-level travel time spent in this place.
 C = Inter-level travel time spent in this place.
 D = Time resting spent in this place.
 E = Time spent auto-exploring this place.
 F = Levels seen in this place.
 G = Mean time per level.
                   A        B        C        D        E       F      G
               +--------+--------+--------+--------+--------+-----+--------+
         Total |   1623 |   1541 |     82 |      0 |   1310 |   2 |  811.5 |
       Dungeon |   1623 |   1541 |     82 |      0 |   1310 |   2 |  811.5 |
               +--------+--------+--------+--------+--------+-----+--------+

Top non-repeatable levels by time:
     D:1: 1312 daAuts
     D:2: 310 daAuts
